SNL (28 & UNDER)
WEST VIRGINIA POWER @ MONTGOMERY BISCUITS
08/17/2029
 
TOP OF THE 1ST
West Virginia Power batting - Pitching for Montgomery Biscuits : RHP Enrique Boyd
Pitching: RHP Enrique Boyd
Batting: RHB Matt Tucker 0-0: Ball
1-0: Ball
2-0: Bunted foul
2-1: Ball
3-1: Called Strike
3-2: Ground out 5-3 (Groundball, 56S)
Batting: RHB Joaquín Vásquez 0-0: Called Strike
0-1: Foul Ball, location: 2F
0-2: Ball
1-2: Ball
2-2: Foul Ball, location: 2F
2-2: Ball
3-2: Foul Ball, location: 2F
3-2: Fly out, F3 (Popup, 34S)
Batting: RHB Luis Quezada 0-0: Swinging Strike
0-1: Ball
1-1: Foul Ball, location: 2F
1-2: Ball
2-2: Foul Ball, location: 2F
2-2: Ball
3-2: Foul Ball, location: 2F
3-2: Strikes out swinging
Top of the 1st over - 0 runs, 0 hits, 0 errors, 0 left on base; West Virginia 0 - Montgomery 0
BOTTOM OF THE 1ST
Montgomery Biscuits batting - Pitching for West Virginia Power : RHP Esteban Garza
Pitching: RHP Esteban Garza
Batting: RHB Frederick Curtis 0-0: Swinging Strike
0-1: Foul Ball, location: 2F
0-2: Ground out 5-3 (Groundball, 56)
Batting: RHB Reinaldo Amarante 0-0: Swinging Strike
0-1: Ball
1-1: Fly out, F9 (Flyball, 9D)
Batting: RHB Lorenzo Tamayo 0-0: Fly out, F7 (Flyball, 7S)
Bottom of the 1st over - 0 runs, 0 hits, 0 errors, 0 left on base; West Virginia 0 - Montgomery 0
TOP OF THE 2ND
West Virginia Power batting - Pitching for Montgomery Biscuits : RHP Enrique Boyd
Batting: RHB Joe Salas 0-0: Ball
1-0: Called Strike
1-1: Foul Ball, location: 2F
1-2: Foul Ball, location: 2F
1-2: Hit by Pitch
Batting: LHB Jorge Luna 0-0: Ball
1-0: Called Strike
1-1: Ball
2-1: Foul Ball, location: 2F
2-2: SINGLE (Groundball, 34D)
Joe Salas to second
Runner from 2nd tries for 3rd, SAFE, no throw
Batting: RHB Millard Walker 0-0: Swinging Strike
0-1: Ball
1-1: Foul Ball, location: 2F
1-2: Ball
2-2: Ball
3-2: SINGLE (Groundball, 6MD)
Joe Salas scores
Jorge Luna to second
Batting: RHB Will Stafford 0-0: Fielders Choice at 2nd, 1-6 (Groundball, 13S)
Jorge Luna to third
Batting: RHB Julián Garza 0-0: Fly out, F5 (Popup, 5SF)
Batting: RHB Roberto Chávez 0-0: Called Strike
0-1: Ball
1-1: Swinging Strike
1-2: Strikes out swinging, 2-3 out at first.
Top of the 2nd over - 1 run, 2 hits, 0 errors, 2 left on base; West Virginia 1 - Montgomery 0
BOTTOM OF THE 2ND
Montgomery Biscuits batting - Pitching for West Virginia Power : RHP Esteban Garza
Batting: SHB Marvin López 0-0: SOLO HOME RUN (Flyball, 9LD), Distance : 359 ft
Batting: SHB Pancho Ruíz 0-0: Foul Ball, location: 2F
0-1: Ball
1-1: Foul Ball, location: 2F
1-2: Ball
2-2: SINGLE (Flyball, 9S)
Batting: LHB José Martínez 0-0: Ball
1-0: Called Strike
1-1: Foul Ball, location: 2F
1-2: Ball
2-2: Fly out, F8 (Flyball, 78M)
Batting: SHB Lawrence Farley 0-0: Ball
1-0: Foul Ball, location: 2F
1-1: Ball
2-1: Ball
3-1: Called Strike
3-2: Foul Ball, location: 2F
3-2: Fly out, F9 (Flyball, 9)
Batting: SHB Kenneth Cruz 0-0: Called Strike
0-1: Ball
1-1: Foul Ball, location: 2F
1-2: Fly out, F9 (Flyball, 9LM)
Bottom of the 2nd over - 1 run, 2 hits, 0 errors, 1 left on base; West Virginia 1 - Montgomery 1
TOP OF THE 3RD
West Virginia Power batting - Pitching for Montgomery Biscuits : RHP Enrique Boyd
Batting: RHB Matt Tucker 0-0: Ball
1-0: Swinging Strike
1-1: Swinging Strike
1-2: Ball
2-2: SINGLE (Groundball, 56D)
Batting: RHB Joaquín Vásquez 0-0: Ball
1-0: Foul Ball, location: 2F
1-1: Foul Ball, location: 2F
1-2: Fly out, F9 (Flyball, 89D)
Batting: RHB Luis Quezada 0-0: Ball
1-0: Ground out 4-3 (Groundball, 34)
Matt Tucker to second
Batting: RHB Joe Salas 0-0: Foul Ball, location: 2F
0-1: Fly out, F6 (Popup, 6)
Top of the 3rd over - 0 runs, 1 hit, 0 errors, 1 left on base; West Virginia 1 - Montgomery 1
BOTTOM OF THE 3RD
Montgomery Biscuits batting - Pitching for West Virginia Power : RHP Esteban Garza
Batting: SHB Joe Pierce 0-0: Ball
1-0: Ball
2-0: Foul Ball, location: 2F
2-1: Swinging Strike
2-2: Strikes out swinging
Batting: RHB Frederick Curtis 0-0: Called Strike
0-1: Ball
1-1: Ball
2-1: Foul Ball, location: 2F
2-2: Ground out 6-3 (Groundball, 6)
Batting: RHB Reinaldo Amarante 0-0: Swinging Strike
0-1: Foul Ball, location: 2F
0-2: DOUBLE (Line Drive, 3D)
Pitching: RHP Bill Hendricks
Batting: RHB Lorenzo Tamayo 0-0: Ball
1-0: Ball
2-0: Ball
3-0: Called Strike
3-1: Swinging Strike
3-2: Base on Balls
Pitching: RHP Roberto Marino
Batting: SHB Marvin López 0-0: Called Strike
0-1: Called Strike
0-2: Ball
1-2: Fly out, F9 (Flyball, 9S)
Bottom of the 3rd over - 0 runs, 1 hit, 0 errors, 2 left on base; West Virginia 1 - Montgomery 1
TOP OF THE 4TH
West Virginia Power batting - Pitching for Montgomery Biscuits : RHP Enrique Boyd
Batting: LHB Jorge Luna 0-0: Ball
1-0: Ground out 4-3 (Groundball, 4)
Batting: RHB Millard Walker 0-0: Ball
1-0: Called Strike
1-1: Foul Ball, location: 2F
1-2: Foul Ball, location: 2F
1-2: Ball
2-2: Strikes out swinging
Batting: RHB Will Stafford 0-0: Ground out 6-3 (Groundball, 6)
Top of the 4th over - 0 runs, 0 hits, 0 errors, 0 left on base; West Virginia 1 - Montgomery 1
BOTTOM OF THE 4TH
Montgomery Biscuits batting - Pitching for West Virginia Power : RHP Roberto Marino
Pitching: RHP Drake Johnston
Batting: SHB Pancho Ruíz 0-0: Called Strike
0-1: Ball
1-1: Ground out 4-3 (Groundball, 4M)
Pitching: RHP António Córdova
Batting: LHB José Martínez 0-0: Called Strike
0-1: Ball
1-1: Ball
2-1: Ball
3-1: Swinging Strike
3-2: Fly out, F9 (Flyball, 9)
Batting: SHB Lawrence Farley 0-0: Ball
1-0: Called Strike
1-1: SINGLE (Groundball, 56D)
Batting: SHB Kenneth Cruz 0-0: Ground out 4-3 (Groundball, 4)
Bottom of the 4th over - 0 runs, 1 hit, 0 errors, 1 left on base; West Virginia 1 - Montgomery 1
TOP OF THE 5TH
West Virginia Power batting - Pitching for Montgomery Biscuits : RHP Enrique Boyd
Batting: RHB Julián Garza 0-0: Ball
1-0: SINGLE (Flyball, 9LM)
Batting: RHB Roberto Chávez 0-0: SINGLE (Groundball, 5D)
Julián Garza to second
Batting: RHB Matt Tucker 0-0: Called Strike
0-1: Fly out, F9 (Line Drive, 9D)
Runner from 2nd tags up, SAFE at 3rd, no throw
Batting: RHB Joaquín Vásquez 0-0: Fly out, F9 (Flyball, 89M)
Runner from 3rd tags up, OUT at HOME
Top of the 5th over - 0 runs, 2 hits, 0 errors, 1 left on base; West Virginia 1 - Montgomery 1
BOTTOM OF THE 5TH
Montgomery Biscuits batting - Pitching for West Virginia Power : RHP António Córdova
Now at 2B: Nick Mackin
Batting: SHB Joe Pierce 0-0: Ground out U3 (Groundball, 3)
Batting: RHB Frederick Curtis 0-0: Called Strike
0-1: Foul Ball, location: 2F
0-2: Strikes out swinging
Batting: RHB Reinaldo Amarante 0-0: Ball
1-0: Swinging Strike
1-1: Called Strike
1-2: Ball
2-2: Fly out, F8 (Flyball, 8RM)
Bottom of the 5th over - 0 runs, 0 hits, 0 errors, 0 left on base; West Virginia 1 - Montgomery 1
TOP OF THE 6TH
West Virginia Power batting - Pitching for Montgomery Biscuits : RHP Enrique Boyd
Batting: RHB Nick Mackin 0-0: Swinging Strike
0-1: Ball
1-1: Swinging Strike
1-2: Foul Ball, location: 2F
1-2: Ball
2-2: Strikes out looking
Batting: RHB Joe Salas 0-0: Ball
1-0: Ball
2-0: Called Strike
2-1: SINGLE (Line Drive, 6D)
Batting: LHB Jorge Luna 0-0: Ball
1-0: SINGLE (Line Drive, 34)
Joe Salas to second
Batting: RHB Millard Walker 0-0: Ball
1-0: Fly out, F9 (Flyball, 9LM)
Runner from 2nd tags up, SAFE at 3rd with throw
Batting: RHB Will Stafford 0-0: Swinging Strike
0-1: Foul Ball, location: 2F
0-2: Ball
1-2: Ball
2-2: Strikes out looking
Top of the 6th over - 0 runs, 2 hits, 0 errors, 2 left on base; West Virginia 1 - Montgomery 1
BOTTOM OF THE 6TH
Montgomery Biscuits batting - Pitching for West Virginia Power : RHP António Córdova
Batting: RHB Lorenzo Tamayo 0-0: Ball
1-0: Ground out 5-3 (Groundball, 56)
Batting: SHB Marvin López 0-0: Called Strike
0-1: Ground out 6-3 (Groundball, 6S)
Batting: SHB Pancho Ruíz 0-0: Ball
1-0: SOLO HOME RUN (Flyball, 9D), Distance : 382 ft
Batting: LHB José Martínez 0-0: Ball
1-0: Foul Ball, location: 2F
1-1: Called Strike
1-2: Strikes out swinging
Bottom of the 6th over - 1 run, 1 hit, 0 errors, 0 left on base; West Virginia 1 - Montgomery 2
TOP OF THE 7TH
West Virginia Power batting - Pitching for Montgomery Biscuits : RHP Enrique Boyd
Now at C: Wilson Bray
Batting: RHB Julián Garza 0-0: Ball
1-0: Swinging Strike
1-1: Ball
2-1: Called Strike
2-2: Ball
3-2: Base on Balls
Batting: RHB Roberto Chávez 0-0: Called Strike
0-1: Ball
1-1: Ball
2-1: 2-RUN HOME RUN (Flyball, 7LD), Distance : 352 ft
Batting: RHB Matt Tucker 0-0: Foul Ball, location: 2F
0-1: Ball
1-1: SINGLE (Groundball, 6MD)
Batting: RHB Joaquín Vásquez 0-0: Ball
1-0: Called Strike
Matt Tucker steals 2nd base
1-1: Intentional Walk
Pinch Hitting: RHB Luis Árias 0-0: SINGLE (Flyball, 9S)
Matt Tucker to third
Joaquín Vásquez to second
Runner from 3rd tries for Home, SAFE, no throw
Batting: RHB Joe Salas 0-0: Swinging Strike
0-1: 3-RUN HOME RUN (Flyball, 89XD), Distance : 410 ft
Pitching: RHP Raúl Martínez
Batting: LHB Jorge Luna 0-0: Foul Ball, location: 2F
0-1: Foul Ball, location: 2F
0-2: Ball
1-2: Ball
2-2: Ground out 1-3 (Groundball, P)
Batting: RHB Millard Walker 0-0: Swinging Strike
0-1: Called Strike
0-2: Foul Ball, location: 2F
0-2: Ball
1-2: SOLO HOME RUN (Flyball, 7LD), Distance : 350 ft
Batting: RHB Will Stafford 0-0: Called Strike
0-1: Ball
1-1: Swinging Strike
1-2: Fly out, F8 (Flyball, 78D)
Batting: RHB Julián Garza 0-0: Ground out 4-3 (Groundball, 4)
Top of the 7th over - 7 runs, 5 hits, 0 errors, 0 left on base; West Virginia 8 - Montgomery 2
BOTTOM OF THE 7TH
Montgomery Biscuits batting - Pitching for West Virginia Power : RHP António Córdova
Now in RF: Luis Árias
Batting: SHB Lawrence Farley 0-0: Ball
1-0: Foul Ball, location: 2F
1-1: Foul Ball, location: 2F
1-2: Ball
2-2: Fly out, F3 (Line Drive, 3)
Batting: SHB Kenneth Cruz 0-0: Called Strike
0-1: Ball
1-1: Foul Ball, location: 2F
1-2: Ball
2-2: Ball
3-2: SINGLE (Line Drive, 78S)
Batting: SHB Joe Pierce 0-0: Ball
1-0: Fly out, F3 (Popup, 34S)
Batting: RHB Frederick Curtis 0-0: Ball
1-0: Foul Ball, location: 2F
1-1: Foul Ball, location: 2F
1-2: Ball
2-2: Foul Ball, location: 2F
2-2: Foul Ball, location: 2F
2-2: Ball
3-2: Base on Balls
Kenneth Cruz to second
Batting: RHB Reinaldo Amarante 0-0: Called Strike
0-1: Fly out, F6 (Flyball, 6MD)
Bottom of the 7th over - 0 runs, 1 hit, 0 errors, 2 left on base; West Virginia 8 - Montgomery 2
TOP OF THE 8TH
West Virginia Power batting - Pitching for Montgomery Biscuits : RHP Raúl Martínez
Batting: RHB Roberto Chávez 0-0: Ball
1-0: Called Strike
1-1: Ground out 5-3 (Groundball, 5L)
Batting: RHB Matt Tucker 0-0: Called Strike
0-1: Swinging Strike
0-2: Foul Ball, location: 2F
0-2: Ball
1-2: Ball
2-2: Ball
3-2: Foul Ball, location: 2F
3-2: Foul Ball, location: 2F
3-2: Fly out, F5 (Line Drive, 5)
Batting: RHB Joaquín Vásquez 0-0: Ball
1-0: Called Strike
1-1: Ball
2-1: Ball
3-1: Base on Balls
Batting: RHB Luis Árias 0-0: Ball
1-0: Ball
2-0: Ball
3-0: Base on Balls
Joaquín Vásquez to second
Batting: RHB Joe Salas 0-0: Ball
1-0: Ball
2-0: Foul Ball, location: 2F
2-1: Ball
3-1: Base on Balls
Joaquín Vásquez to third
Luis Árias to second
Batting: LHB Jorge Luna 0-0: Ground out U3 (Groundball, 3)
Top of the 8th over - 0 runs, 0 hits, 0 errors, 3 left on base; West Virginia 8 - Montgomery 2
BOTTOM OF THE 8TH
Montgomery Biscuits batting - Pitching for West Virginia Power : RHP António Córdova
Batting: SHB Wilson Bray 0-0: Foul Ball, location: 2F
0-1: Hit by Pitch
Batting: SHB Marvin López 0-0: Swinging Strike
0-1: Ball
1-1: Swinging Strike
1-2: Foul Ball, location: 2F
1-2: Foul Ball, location: 2F
1-2: Ball
2-2: Fly out, F8 (Flyball, 89D)
Pitching: RHP Diego Benítez
Batting: SHB Pancho Ruíz 0-0: Foul Ball, location: 2F
0-1: Ball
1-1: Ball
2-1: Foul Ball, location: 2F
2-2: Foul Ball, location: 2F
2-2: Grounds into double play, 4-6-3 (Groundball, 4M)
Bottom of the 8th over - 0 runs, 0 hits, 0 errors, 0 left on base; West Virginia 8 - Montgomery 2
TOP OF THE 9TH
West Virginia Power batting - Pitching for Montgomery Biscuits : RHP Raúl Martínez
Batting: RHB Millard Walker 0-0: Foul Ball, location: 2F
0-1: Reached on error, E6 (Groundball, 6)
Batting: RHB Will Stafford 0-0: SINGLE (Groundball, 6D)
Millard Walker to second
Batting: RHB Julián Garza 0-0: Swinging Strike
0-1: Called Strike
0-2: Ball
1-2: Ball
2-2: Ball
3-2: Base on Balls
Millard Walker to third
Will Stafford to second
Batting: RHB Roberto Chávez 0-0: Ball
1-0: Ball
2-0: Fly out, F8 (Flyball, 8LD)
Runner from 3rd tags up, OUT at HOME
Will Stafford to third
Julián Garza to second
Batting: RHB Matt Tucker 0-0: Called Strike
0-1: Ball
1-1: Foul Ball, location: 2F
1-2: Ball
2-2: Ball
3-2: Foul Ball, location: 2F
3-2: Base on Balls
Pitching: RHP Brian Barker
Batting: RHB Joaquín Vásquez 0-0: Swinging Strike
0-1: Called Strike
0-2: Ball
1-2: Strikes out swinging
Top of the 9th over - 0 runs, 1 hit, 1 error, 3 left on base; West Virginia 8 - Montgomery 2
BOTTOM OF THE 9TH
Montgomery Biscuits batting - Pitching for West Virginia Power : RHP Diego Benítez
Batting: LHB José Martínez 0-0: Ball
1-0: Called Strike
1-1: Ground out 6-3 (Groundball, 6S)
Batting: SHB Lawrence Farley 0-0: Ball
1-0: Ball
2-0: Reached on error, E4 (Groundball, 4)
Batting: SHB Kenneth Cruz 0-0: Called Strike
0-1: Foul Ball, location: 2F
0-2: Fly out, F9 (Line Drive, 9D)
Batting: SHB Joe Pierce 0-0: Called Strike
0-1: Fly out, F7 (Flyball, 7S)
Bottom of the 9th over - 0 runs, 0 hits, 1 error, 1 left on base; West Virginia 8 - Montgomery 2
Saturday, December 16th, 2017 - OOTP Baseball 18.8 Build 76